[Event "EYCC Open U14 2018"]
[Site "Riga"]
[Date "2018.08.26"]
[Round "6"]
[White "Czopor, Maciej"]
[Black "Patrelakis, Evaggelos"]
[Result "1-0"]
[ECO "B90"]
[WhiteElo "2220"]
[BlackElo "2235"]
[Annotator "NA"]
[PlyCount "39"]
[EventDate "2018.08.20"]
[EventType "swiss"]
[EventCountry "LAT"]
[SourceTitle "playchess.com"]
[Source "ChessBase"]
[SourceQuality "1"]
[TimeControl "40/5400+30:1800+30"]

1. e4 c5 2. Nf3 d6 3. d4 cxd4 4. Nxd4 Nf6 5. Nc3 a6 6. Be3 e6 7. g4 e5 8. Nf5 g6 9. Bg2 gxf5 {[%emt 0:03:00] B81: Sicilian Scheveningen: Keres Attack} 10. exf5 h5 {[%emt 0:24:24] LiveBook: 5 Games} 11. h3 hxg4 (11... d5 12. Qe2 hxg4 13. hxg4 Rxh1+ 14. Bxh1 d4 15. O-O-O Qe7 16. Na4 Nbd7 17. Bg5 {0-1 (38) Stukopin,A (2600)-Huschenbeth,N (2575) Greensboro 2017}) 12. hxg4 Rxh1+ 13. Bxh1 Qa5 (13... d5 $11 {keeps the balance.} 14. Nxd5 Nxd5 15. Qxd5 Qxd5 16. Bxd5 f6) 14. g5 Nfd7 $146 ({Predecessor:} 14... d5 15. gxf6 d4 16. Bxd4 exd4 17. Qxd4 {½-½ (42) Forsaa,E (2301)-Bindrich,O (2173) Caleta 2010}) 15. Qh5 Nc6 16. Bd5 Nd8 $18 17. g6 Nf6 18. Qh8 fxg6 19. fxg6 Ne6 20. Qxf6 1-0

[Event "EYCC Open U14 2018"]
[Site "Riga"]
[Date "2018.08.26"]
[Round "6"]
[White "Boyer, Mahel"]
[Black "Karacsonyi, Gellert"]
[Result "1/2-1/2"]
[ECO "E04"]
[WhiteElo "2189"]
[BlackElo "2229"]
[Annotator "NA"]
[PlyCount "61"]
[EventDate "2018.08.20"]
[EventType "swiss"]
[EventCountry "LAT"]
[SourceTitle "playchess.com"]
[Source "ChessBase"]
[SourceQuality "1"]
[TimeControl "40/5400+30:1800+30"]

1. d4 Nf6 2. Nf3 d5 3. c4 e6 4. g3 dxc4 5. Bg2 Bd7 6. O-O Bc6 7. Qc2 Be7 8. Qxc4 O-O 9. Nc3 a6 10. a3 b5 11. Qd3 Nbd7 12. Bg5 Bb7 13. Bxf6 Nxf6 14. b4 Nd5 15. Ne5 Bf6 16. Nxd5 Bxd5 17. Nc6 Bxc6 18. Bxc6 Rb8 19. Rfd1 e5 20. dxe5 Bxe5 21. Rac1 Qf6 22. Qb3 Rbd8 23. Rxd8 Rxd8 24. Bf3 Qe7 25. Qe3 Qe6 26. Rc5 Bb2 27. Qg5 Bf6 28. Qc1 Be5 29. Rc6 Qb3 30. Qg5 f6 31. Qe3 1/2-1/2

[Event "EYCC Open U14 2018"]
[Site "Riga"]
[Date "2018.08.28"]
[Round "8"]
[White "Bethke, Richard"]
[Black "Kirillov, Dmitry"]
[Result "0-1"]
[ECO "B81"]
[WhiteElo "2240"]
[BlackElo "2209"]
[Annotator "NA RC"]
[PlyCount "74"]
[EventDate "2018.08.20"]
[EventType "swiss"]
[EventCountry "LAT"]
[SourceTitle "playchess.com"]
[Source "ChessBase"]
[SourceQuality "1"]
[TimeControl "40/5400+30:1800+30"]

1. e4 c5 2. Nf3 e6 3. d4 cxd4 4. Nxd4 Nf6 5. Nc3 d6 6. g4 Nc6 7. Rg1 {[%emt 0:00:17] B81: Sicilian Scheveningen: Keres Attack} (7. g5 Nd7 8. Be3 a6 9. h4 Be7 10. Qd2 O-O 11. O-O-O Nxd4 12. Qxd4 b5 13. f4 Rb8 14. h5 b4 15. Ne2 e5 16. Qd2 exf4 17. Bxf4 Qa5 18. Kb1 Nc5 19. Bg2 Bg4 20. h6 g6 21. Qd4 Ne6 22. Qa7 Bxe2 23. Qxe7 Nxf4 24. Rxd6 Bc4 25. Qf6 Qxa2+ 26. Kc1 Qa1+ 27. Kd2 Nh5 28. Rxh5 {1-0 (28) Smeets,J (2647)-Van Wely,L (2675) playchess.com INT 2011}) 7... a6 {[%emt 0:00:23] LiveBook: 5 Games} 8. Be3 Qc7 9. g5 Nd7 10. Qe2 b5 11. O-O-O Bb7 12. Nxc6 $146 ({Predecessor:} 12. h4 Nce5 13. Kb1 Nc5 14. f4 Nc4 15. Ndxb5 axb5 16. Nxb5 Qa5 17. Qxc4 {1-0 (24) Draganic,V (2294)-Milovic,A (2141) Sozina 2004}) 12... Bxc6 13. a3 Rc8 14. f4 a5 15. Nd5 Qb7 16. Bd4 b4 17. axb4 axb4 18. b3 Kd8 19. Ne3 Bxe4 20. Qb5 (20. Bg2 $11) 20... Qxb5 21. Bxb5 d5 22. Kb2 Bd6 23. Bxg7 Rg8 24. Bxd7 Kxd7 25. Be5 Bxe5+ 26. fxe5 Rc3 27. Rg3 {[%emt 0:01:25] [#]} h6 $1 28. h4 hxg5 29. Rd2 $2 (29. hxg5 Kc6 30. Rd4) 29... Kc6 30. hxg5 Rh8 31. Rf2 Rh1 32. Ka2 Kb5 $2 33. Re2 $1 Kc5 (33... Rc8 $142 34. Kb2 Rc3) 34. Rf2 Kb5 ({Better is} 34... d4 $19 35. Nf1 Bxc2) 35. Re2 Ka6 $19 36. Rf2 d4 37. Rf4 dxe3 0-1